 Dungeon Crawl Stone Soup version 0.30-a0-691-g754fce4c43 (webtiles) character file.

Game seed: 9324672720344492066

100 HoaS the Shooter (level 4, -5/26 HPs)
             Began as a Gargoyle Hunter on Jan 19, 2023.
             Slain by a water moccasin (7 damage)
             ... on level 3 of the Dungeon.
             The game lasted 00:04:00 (1497 turns).

HoaS the Shooter (Gargoyle Hunter)                  Turns: 1497, Time: 00:04:01

Health: -5/26      AC:  6    Str: 14    XL:     4   Next: 74%
Magic:  4/4        EV: 11    Int: 10    God:
Gold:   173        SH:  0    Dex: 15    Spells: 3/3 levels left

rFire   . . .      SeeInvis .    a - +0 shortbow
rCold   . . .      Faith    .    (shield currently unavailable)
rNeg    + . .      Spirit   .    c - +0 leather armour
rPois   ∞          Reflect  .    (no helmet)
rElec   +          Harm     .    (no cloak)
rCorr   .          Rampage  .    (no gloves)
Will    .....                    (no boots)
Stlth   ++                       (no amulet)
HPRegen 0.24/turn                (no ring)
MPRegen 0.09/turn                (no ring)

@: hasted, very quick
A: sickness immunity, AC +3, negative energy resistance 1, electricity
resistance, torment resistance 1, petrification resistance
a: no special abilities


You were on level 3 of the Dungeon.
You visited 1 branch of the dungeon, and saw 3 of its levels.

You collected 173 gold pieces.

Inventory:

Hand Weapons
 a - a +0 shortbow (weapon)
Armour
 c - a +0 leather armour (worn)
Wands
 i - a wand of polymorph (3)
Scrolls
 b - a scroll of immolation
Potions
 d - a potion of curing {unknown}
 f - a potion of attraction {unknown}
 g - a potion of heal wounds {unknown}
 h - a potion of ambrosia {unknown}
 j - 2 potions of flight {unknown}


   Skills:
 - Level 2.1 Fighting
 + Level 6.0 Ranged Weapons
 - Level 1.5 Dodging
 - Level 1.1 Stealth


You had 3 spell levels left.
You didn't know any spells.
Your spell library contained the following spells:

 Spells                   Type           Power      Damage    Failure   Level
 Cause Fear               Hex            0%         N/A       99%         4
 Dragon Form              Tmut           0%         N/A       100%        7
 Dragon's Call            Summ           0%         N/A       100%        9


Dungeon Overview and Level Annotations

Branches:
Dungeon (3/15)

Altars:
The Shining One


Innate Abilities, Weirdness & Mutations

You are immune to sickness and miasma.
Your stone body is resilient. (AC +3)
You are immune to poison.
You resist negative energy. (rN+)
You are resistant to electric shocks. (rElec)
You are resistant to unholy torment.
You are immune to petrification.


Message History

The arrow closely misses the goblin.
The adder barely misses you. The adder misses you.
You shoot an arrow. The arrow hits the adder.
You kill the adder!
Your Ranged Weapons skill increases to level 6!
You shoot an arrow. The arrow hits the goblin.
The goblin is severely wounded.
The goblin hits you but does no damage. The goblin closely misses you.
You shoot an arrow. The arrow hits the goblin!
You kill the goblin!
The water moccasin bites you.
You feel yourself speed up.
The water moccasin bites you but does no damage.
You shoot an arrow. The arrow hits the water moccasin!
The water moccasin is moderately wounded.
You hear a shout!
The water moccasin bites you.
You shoot an arrow. The arrow misses the water moccasin.
The arrow hits the orc.
The orc is moderately wounded.
The water moccasin bites you.
An ufetubus comes into view.
The water moccasin bites you.
You shoot an arrow.
The arrow closely misses the water moccasin.
The arrow barely misses the orc.
The water moccasin bites you.
* * * LOW HITPOINT WARNING * * *
You shoot an arrow. The arrow misses the water moccasin.
The arrow barely misses the orc.
The water moccasin bites you.
* * * LOW HITPOINT WARNING * * *
You shoot an arrow.
The arrow closely misses the water moccasin.
The arrow barely misses the orc.
The water moccasin bites you but does no damage.
You shoot an arrow. The arrow hits the water moccasin.
The water moccasin is heavily wounded.
The ufetubus hits you.
* * * LOW HITPOINT WARNING * * *
The ufetubus closely misses you. The water moccasin bites you!
You die...

#[.....).#
#........#
#........# ###
##.......### ...#
#.........#....#
####.......#......#
#...o....oS....!..#
##.##S#######.......
######..##@# .......
...#..###5# .#.....
#.#.## #.# .....?.
.#######...# #.#
o......
...........####.#
S.. ...
#######.........)
... ... #..####.....
#######.#######...
..................


You could see a water moccasin, an orc and an ufetubus.

Vanquished Creatures
  4 adders
  A worm (D:3)
  A dart slug (D:1)
  9 endoplasms
  6 goblins
  8 hobgoblins
  4 jackals (D:3)
  A quokka (D:1)
  7 ball pythons
  5 bats (D:1)
  4 frilled lizards
  3 kobolds
  2 rats (D:1)
55 creatures vanquished.

Notes
Turn   | Place    | Note
-------+----------+-------------------------------------------
     0 | D:1      | HoaS the Gargoyle Hunter began the quest for the Orb.
     0 | D:1      | Reached XP level 1. HP: 12/12 MP: 1/1
   106 | D:1      | Reached XP level 2. HP: 17/17 MP: 2/2
   244 | D:1      | Reached XP level 3. HP: 21/21 MP: 3/3
   306 | D:1      | Reached skill level 5 in Ranged Weapons
   737 | D:2      | Found a glowing golden altar of the Shining One.
  1074 | D:2      | Reached XP level 4. HP: 26/26 MP: 4/4
  1478 | D:3      | Noticed a water moccasin
  1489 | D:3      | Reached skill level 6 in Ranged Weapons
  1497 | D:3      | Slain by a water moccasin

Illustrated notes

Levels and vault maps discovered:
D:1:      lightli_arrival_boilingwater, layout_rooms, skrybe_limestone_x,
          minmay_indecisive_spiral
D:2:      layout_basic, basic_altar, kennysheep_generic_room_16
D:3:      layout_rooms, nicolae_overflow_hidden_temple

Skill      XL: |  1  2  3  4 |
---------------+-------------+-----
Ranged Weapons | 5 6 |  6.0
Fighting       | |  2.1
Dodging        | |  1.5
Stealth        | |  1.1

Action                   |  1- 3 |  4- 6 || total
-------------------------+-------+-------++-------
 Fire: Shortbow          |   108 |    49 ||   157
  Use: Scroll            |     5 |       ||     5
       Potion            |       |     1 ||     1
Armor: Leather armour    |    13 |    10 ||    23
Dodge: Dodged            |    26 |    19 ||    45

Table legend: (Time is in decaauts)
 A = Elapsed time spent in this place.
 B = Non-inter-level travel time spent in this place.
 C = Inter-level travel time spent in this place.
 D = Time resting spent in this place.
 E = Time spent auto-exploring this place.
 F = Levels seen in this place.
 G = Mean time per level.
                   A        B        C        D        E       F      G
               +--------+--------+--------+--------+--------+-----+--------+
         Total |   1539 |   1484 |     55 |     70 |   1056 |   3 |  513.0 |
       Dungeon |   1539 |   1484 |     55 |     70 |   1056 |   3 |  513.0 |
               +--------+--------+--------+--------+--------+-----+--------+

Top non-repeatable levels by time:
     D:2: 726 daAuts
     D:1: 688 daAuts
     D:3: 125 daAuts
